 Dungeon Crawl Stone Soup version 0.16.2-12-gd0ad4c3 (webtiles) character file.

1385913 RepoMan the Meteorologist (level 27, -19/273 HPs)
             Began as a Ghoul Fighter on Sept 5, 2015.
             Was the Champion of Qazlal.
             Killed from afar by an ancient lich (53 damage)
             ... with a crystal spear
             ... on level 24 of a ziggurat on Oct 3, 2015.
             The game lasted 1day 10:09:40 (144807 turns).

RepoMan the Meteorologist (Ghoul Fighter)      Turns: 144807, Time: 1, 10:09:40

Health: -19/273    AC: 47    Str: 31    XL:     27
Magic:  4/54       EV: 14    Int: 20    God:    Qazlal [******]
Gold:   13457      SH: 28    Dex: 13    Spells: 14 memorised, 19 levels left

rFire  + + .     SeeInvis +     i - +11 mace of Fortitude {venom, rF+ Str+4}
rCold  + + .     Clarity  +     Z - +7 plate armour of Grace {rPois Regen+ Int+5 Dex+2}
rNeg   + + +     SustAb   +     U - +1 shield of Cowardice {rF+ MR+ rCorr Dex-4}
rPois  ∞         Gourm    .     o - +3 crown of Dyrovepreva {rElec Int+2 SInv}
rElec  +         Spirit   .     d - +2 cloak {+Inv}
rCorr  +         Warding  .     I - +2 pair of gloves
rMut   .         Stasis   .     P - +2 pair of boots {run}
MR     +++++                    G - amulet of the Four Winds {Clar rN+ MR+++}
Stlth  ..........               r - ring of the Mage {Wiz MR++ Int+3}
                                x - ring "Loshruytz" {SustAb rC+ MP+9 Str+3}

@: agile, grasped by roots, protected from physical damage, contaminated,
regenerating, rotting, glowing, studying 2 skills, repel missiles, slow, almost
entirely resistant to hostile enchantments, extremely unstealthy
A: rotting body, claws 1, carnivore 3, cold resistance 1, negative energy
resistance 3, poison resistance, slow healing 1, torment resistance, unbreathing
a: Upheaval, Elemental Force, Disaster Area, Renounce Religion, Evoke
Invisibility
}: 12/15 runes: decaying, serpentine, slimy, silver, iron, obsidian, icy, bone,
abyssal, glowing, fiery, dark


You were on level 24 of a ziggurat.
You worshipped Qazlal.
Qazlal was exalted by your worship.
You were not hungry.

You visited 18 branches of the dungeon, and saw 96 of its levels.
You visited Pandemonium 4 times, and saw 14 of its levels.
You visited the Abyss 2 times.
You visited 2 ziggurats, and saw 41 of their levels (deepest: 24).
You also visited: Trove and Volcano.

You collected 17767 gold pieces.
You spent 4310 gold pieces at shops.

Inventory:

Hand weapons
 i - the +11 mace of Fortitude (weapon) {venom, rF+ Str+4}
   (You found it on level 3 of the Abyss)

   It poisons the flesh of those it strikes.
   It affects your strength (+4).
   It protects you from fire.
 j - the +7 Sceptre of Torment
   (You found it on level 3 of the Elven Halls)
 K - the +8 autumn katana {slice, Clar}
   (You found it on level 22 of a ziggurat)

   It inflicts extra damage upon your enemies.
   It protects you against confusion.
Armour
 d - a +2 cloak of invisibility (worn)
 l - the +2 cloak of the Thief {+Fog Slay-2 SInv Stlth+}
   (You acquired it on level 11 of a ziggurat)

   It affects your accuracy and damage with ranged weapons and melee attacks
   (-2).
   It enhances your eyesight.
   It can be evoked to emit clouds of fog.
   It makes you more stealthy.
 o - the +3 crown of Dyrovepreva (worn) {rElec Int+2 SInv}
   (You found it on level 3 of the Crypt)

   It affects your intelligence (+2).
   It insulates you from electricity.
   It enhances your eyesight.
 w - the +4 robe of Night {+Inv MR+ SInv Stlth+}
   (You found it on level 16 of a ziggurat)

   It affects your resistance to hostile enchantments.
   It enhances your eyesight.
   It lets you turn invisible.
   It makes you more stealthy.
 F - the +14 crystal plate armour of Incorporation {Str+2 Dex+5}
   (You acquired it on level 1 of the Elven Halls)

   It affects your strength (+2).
   It affects your dexterity (+5).
 I - a +2 pair of gloves (worn)
 J - the +2 hat of the High Council {Archmagi, Wiz- Stlth-}
   (You found it on level 22 of a ziggurat)

   It makes you less stealthy.
 P - a +2 pair of boots of running (worn)
 U - the +1 shield of Cowardice (worn) {rF+ MR+ rCorr Dex-4}
   (You found it on level 4 of the Depths)

   It affects your dexterity (-4).
   It protects you from fire.
   It affects your resistance to hostile enchantments.
   It protects you from acid and corrosion.
 Z - the +7 plate armour of Grace (worn) {rPois Regen+ Int+5 Dex+2}
   (You found it on level 3 of the Elven Halls)

   It affects your intelligence (+5).
   It affects your dexterity (+2).
   It protects you from poison.
   It increases your rate of regeneration.
Jewellery
 n - the brooch of Shielding {Ward rN+ AC+4 EV+4}
   (You found it on level 21 of a ziggurat)

   [amulet of warding]

   It may prevent the melee attacks of summoned creatures.
   It affects your AC (+4).
   It affects your evasion (+4).
   It protects you from negative energy.
 r - the ring of the Mage (right hand) {Wiz MR++ Int+3}
   (You found it on level 12 of a ziggurat)

   [ring of wizardry]

   It improves your spell success rate.
   It affects your intelligence (+3).
   It affects your resistance to hostile enchantments.
 t - the amulet "Truworph" {Stasis rElec rC+ Str+2 Dex+4}
   (You found it on level 23 of a ziggurat)

   [amulet of stasis]

   It prevents you from being teleported, slowed, hasted or paralysed.
   It affects your strength (+2).
   It affects your dexterity (+4).
   It protects you from cold.
   It insulates you from electricity.
 x - the ring "Loshruytz" (left hand) {SustAb rC+ MP+9 Str+3}
   (You found it in Pandemonium)

   [ring of sustain abilities]

   It sustains your strength, intelligence and dexterity.
   It affects your strength (+3).
   It protects you from cold.
   It affects your magic capacity (+9).
 y - the ring "Rasengi" {rElec rC+ Int+4 Dex+3 Slay+2}
   (You found it on level 9 of a ziggurat)

   [ring of protection from cold]

   It affects your intelligence (+4).
   It affects your dexterity (+3).
   It affects your accuracy and damage with ranged weapons and melee attacks
   (+2).
   It protects you from cold.
   It insulates you from electricity.
 G - the amulet of the Four Winds (around neck) {Clar rN+ MR+++}
   (You found it on level 11 of a ziggurat)

   [amulet of clarity]

   It provides mental clarity.
   It protects you from negative energy.
   It affects your resistance to hostile enchantments.
 M - the ring of Kikubaaqudgha's Regard {rF+ rC+ rN++ MR+}
   (You found it on level 17 of a ziggurat)

   [ring of protection from cold]

   It protects you from fire.
   It protects you from cold.
   It greatly protects you from negative energy.
   It affects your resistance to hostile enchantments.
Magical devices
 e - a wand of disintegration (3)
 h - a wand of digging (17)
 q - a wand of hasting (5)
 L - a wand of teleportation (2)
 X - a wand of heal wounds (2)
Scrolls
 c - 13 scrolls of enchant weapon
 f - 3 scrolls of identify
 p - 7 scrolls of enchant armour
 v - 3 scrolls of blinking
 z - 12 scrolls of recharging
 B - a scroll of immolation
 H - 4 scrolls of magic mapping
 O - 26 scrolls of remove curse
 Q - a scroll of brand weapon
 S - 17 scrolls of teleportation
 T - 15 scrolls of amnesia
 W - 7 scrolls of fear
Potions
 b - 2 potions of brilliance
 m - 2 potions of cancellation
 u - 4 potions of curing
 A - a potion of resistance
 D - 3 potions of restore abilities
Books
 s - a manual of Long Blades
 Y - a manual of Axes
Miscellaneous
 k - the horn of Geryon
Comestibles
 C - 10 slices of pizza


   Skills:
 O Level 27 Fighting
 - Level 16.4 Maces & Flails
 O Level 27 Armour
 - Level 14.6 Dodging
 * Level 26.0 Shields
 O Level 27 Spellcasting
 - Level 15.8 Conjurations
 - Level 6.9 Hexes
 - Level 15.6 Charms
 - Level 6.5 Translocations
 - Level 10.0 Transmutations
 O Level 27 Air Magic
 + Level 21.2 Invocations
 + Level 1.4 Evocations


You had 19 spell levels left.
You knew the following spells:

 Your Spells              Type           Power        Failure   Level  Hunger
a - Airstrike             Air            #######...   0%          4    None
b - Blink                 Tloc           N/A          1%          2    None
c - Chain Lightning       Conj/Air       #######...   2%          8    ######.
d - Song of Slaying       Chrm           ######..     0%          2    None
e - Irradiate             Conj/Trmt      ######....   1%          5    None
f - Flight                Chrm/Air       #######...   0%          3    None
g - Apportation           Tloc           ######....   1%          1    None
h - Haste                 Chrm           ######..     1%          6    #......
i - Control Teleport      Chrm/Tloc      ######....   1%          4    None
j - Conjure Ball Lightni  Conj/Air       #######...   1%          6    #......
m - Mephitic Cloud        Conj/Pois/Air  ######..     1%          3    None
p - Silence               Hex/Air        #######...   1%          5    None
r - Regeneration          Chrm/Necr      ######....   1%          3    None
t - Tornado               Air            #######...   6%          9    #######


Dungeon Overview and Level Annotations

Branches:
Dungeon (15/15)            Temple (1/1) D:5            Lair (8/8) D:11
  Swamp (5/5) Lair:5        Snake (5/5) Lair:4        Slime (6/6) Lair:8
    Orc (4/4) D:10            Elf (3/3) Orc:3        Vaults (5/5) D:14
  Crypt (3/3) Vaults:3       Tomb (2/3) Crypt:3      Depths (5/5) D:15
   Hell (1/1)                 Dis (7/7) Hell            Geh (7/7) Hell
    Coc (7/7) Hell            Tar (7/7) Hell            Zot (5/5) Depths:5

Altars:
Ashenzari
Cheibriados
Dithmenos
Elyvilon
Fedhas
Gozag
Kikubaaqudgha
Makhleb
Nemelex Xobeh
Okawaru
Qazlal
Ru
Sif Muna
Trog
Vehumet
Xom
Yredelemnul
Zin
The Shining One
Jiyva
Lugonu

Shops:
D:4 (   D:8 ?   D:10 (   D:15 *}:   Orc:4 [*=(   Elf:1 }   Elf:3 [   Snake:2 (
Vaults:2 :   Vaults:4 %   Vaults:5 :   Depths:2 (}([   Depths:3 !

Portals:
Hell: Depths:1 Depths:2 Depths:3 Depths:4 Depths:5
Abyss: Depths:1 Depths:4
Pandemonium: Depths:1 Depths:2 Depths:3 Depths:4
Ziggurat: Depths:1

Annotations:
Geh:7 Stubu's ghost, legendary GrFi


Innate Abilities, Weirdness & Mutations

Your body is rotting away.
You thrive on raw meat.
You have sharp fingernails.
You are carnivorous and can eat meat at any time.
Your flesh is cold resistant.
You are immune to negative energy.
Your system is resistant to poisons.
You heal slowly when monsters are visible.
You are immune to unholy pain and torment.
You can survive without breathing.


Message History

* * * LOW HITPOINT WARNING * * *
The raven misses you. The raven claws you but does no damage.
The shambling mangrove reaches out with a gnarled limb.
Grasping roots rise from the ground around the shambling mangrove!
Drink which item? (? for menu, Esc to quit)
Okay, then.
Read which item? (? for menu, Esc to quit)
Charge which item? (? for menu, Esc to quit)
As you read the scroll of recharging, it crumbles to dust.
Your wand of heal wounds (0) glows for a moment and now has 2 charges.
Roots grasp at your feet, making movement difficult.
You block the raven's attack. x2
You block the eidolon's attack. The eidolon closely misses you.
The ghoul hits you!!
* * * LOW HITPOINT WARNING * * *
You feel terrible. The ghoul claws you.
* * * LOW HITPOINT WARNING * * *
The ancient lich casts a spell at you. The crystal spear hits you!
You die...

..f..♣......).....▓▓
..PP.8....).......∩.▓
.....♣......V.......▓▓
.......f.♣..........▓▓
....................▓▓
...................▓▓
.......§..........▓▓
▓......WbL........▓▓
▓.....§@§§......▓▓
▓▓....§)n......▓▓
▓▓...§§.)....▓▓
▓▓▓▓▓▓▓▓▓▓▓▓▓


You could see a ghoul, an ancient lich, 2 shambling mangroves, an eidolon and a
raven.

Vanquished Creatures
  Antaeus (Coc:7)
  Asmodeus (Geh:7)
  Cerebov (Pan)
  the royal jelly (Slime:6)
  the Serpent of Hell (Coc:7)
  Ereshkigal (Tar:7)
  Gloorx Vloq (Pan)
  Mnoleg (Pan)
  The ghost of Loynis the Sorcerer, a legendary OpSu of Sif Muna (Coc:7)
  5 ancient liches
  The ghost of Enish the Ruinous, a great OpWz of Vehumet (Vaults:5)
  40 greater mummies
  Sojobo (Vaults:4)
  21 shard shrikes
  3 caustic shrikes
  Norris (Snake:2)
  Saint Roka (Snake:4)
  7 Killer Klowns
  5 curse toes
  Mara (Vaults:4)
  Mennas (Pan)
  Geryon (Hell)
  17 golden dragons
  15 pandemonium lords
  Frederick (Crypt:3)
  18 bone dragons
  4 profane servitors
  20 liches
  45 Brimstone Fiends
  Nikola (Depths:2)
  An electric golem (Zot:4)
  4 pearl dragons
  2 hellephants (Depths:1)
  27 tentacled monstrosities
  20 Hell Sentinels
  27 Ice Fiends
  Vashnia (Snake:2)
  An Orb Guardian (Zot:5)
  6 deep elf blademasters
  35 Shadow Fiends
  9 quicksilver dragons
  8 deep elf master archers
  33 acid blobs
  5 titans
  19 tentacled starspawn
  13 sphinxes
  An octopode crusher (Zig:16)
  2 thorn hunters
  Agnes (Snake:1)
  37 Executioners
  18 shadow dragons
  10 ancient champions
  11 tengu reavers
  8 draconian monks
  13 revenants
  17 storm dragons
  13 azure jellies
  4 daevas
  12 greater nagas
  12 fire giants
  Donald (Orc:4)
  Wiglaf (Vaults:1)
  Maud (Lair:4)
  4 caustic shrike zombies
  15 iron dragons
  10 draconian scorchers
  19 ghost moths
  32 cacodemons
  2 ghost moths (shapeshifter)
  11 draconian knights
  Aizul (Lair:4)
  15 vault wardens
  32 emperor scorpions
  5 angels
  9 frost giants
  5 curse skulls
  11 draconian zealots
  48 balrugs
  10 deep elf sorcerers
  17 ghouls
  20 ironheart preservers
  9 warmongers (Pan)
  6 orc warlords
  Jorgrun (Snake:4)
  15 draconian annihilators
  14 draconian shifters
  29 stone giants
  4 caustic shrike skeletons
  13 salamander firebrands
  9 grey draconians
  2 spriggan defenders (Depths:5)
  17 war gargoyles
  107 reapers
  6 elemental wellsprings
  6 ophanim
  5 blood saints
  10 bennus
  10 draconian callers
  16 very ugly things
  8 black draconians
  5 apis
  9 green draconians
  19 deep elf demonologists
  9 rakshasas
  14 deep elf annihilators
  12 black suns
  2 spectral titans
  10 vampire knights
  12 mottled draconians
  16 lorocyprocas
  A purple draconian (shapeshifter) (Zig:5)
  A dire elephant (shapeshifter) (Zig:13)
  An unborn (Tomb:1)
  11 chaos champions
  6 corrupters
  10 dire elephants
  14 green deaths
  14 purple draconians
  20 white draconians
  13 red draconians
  11 pale draconians
  41 blizzard demons
  8 yellow draconians
  A crystal guardian (Vaults:3)
  17 deep elf death magi
  14 eidola
  22 jiangshi
  24 vault guards
  28 mummy priests
  9 quicksilver dragon zombies
  A merfolk impaler (Depths:4)
  6 minotaurs
  9 deep elf high priests
  18 ettins
  6 death cobs
  16 fire dragons
  7 death oozes
  19 yaktaur captains
  15 great orbs of eyes
  2 kraken zombies
  7 quicksilver dragon skeletons
  Fannar (D:11)
  A minotaur (shapeshifter) (Vaults:3)
  A caustic shrike simulacrum (Zig:15)
  23 naga warriors
  18 monstrous demonspawn
  39 ice dragons
  Nessos (Orc:3)
  3 catoblepae
  7 anacondas
  An alligator snapping turtle (Zig:16)
  A ghost crab (shapeshifter) (Vaults:4)
  Erica (Lair:6)
  12 ogre magi
  3 spriggan air magi
  29 hydras
  3 merfolk aquamancers (Zig:16)
  7 deep troll earth magi
  4 ghost crabs
  2 death knights
  2 alligator snapping turtles (shapeshifter) (Zig:5)
  9 centaur warriors
  19 dancing weapons
  10 deep troll shamans
  5 orc high priests
  24 death yaks
  9 alligators
  The ghost of CcS the Arsonist, an experienced DgFE (D:10)
  4 tengu warriors
  25 hell beasts
  5 shock serpents
  21 thrashing horrors
  10 vampire magi
  5 spriggan berserkers (Depths:2)
  Urug (D:11)
  20 naga sharpshooters
  55 sun demons
  75 hell knights
  22 deep elf knights
  2 iron golems
  6 salamander mystics
  9 storm dragon zombies
  16 shadow wraiths
  14 titan skeletons
  14 wretched stars
  37 hell hogs
  A death drake (shapeshifter) (Vaults:5)
  2 fire crabs (Vaults:4)
  An unseen horror (shapeshifter) (Depths:3)
  Erolcha (D:11)
  86 soul eaters
  9 storm dragon skeletons
  5 iron trolls
  3 cherubim
  5 golden dragon zombies
  55 death scarabs
  3 ghost moth zombies
  A spriggan druid (Swamp:4)
  17 anaconda zombies
  2 sea snakes (Snake:3)
  21 shadow demons
  4 spatial maelstroms
  6 giant orange brains
  155 skeletal warriors
  40 ice devils
  9 swamp dragons
  2 spectral anacondas
  4 death drakes
  36 deep trolls
  23 ironbrand convokers
  56 starcursed masses
  10 naga ritualists
  13 deep elf summoners
  25 torturous demonspawn (Pan)
  5 unseen horrors
  2 giant orange brains (shapeshifter)
  18 infernal demonspawn (Pan)
  9 golden dragon skeletons
  11 hill giants
  23 gelid demonspawn
  36 flayed ghosts
  4 ice statues
  3 lindwurms
  An obsidian statue (Zig:1)
  A shambling mangrove (Zig:18)
  2 deathcaps (Zot:5)
  13 anaconda skeletons
  A hill giant (shapeshifter) (Abyss:3)
  24 deep elf conjurers
  12 shadow dragon zombies
  3 mana vipers (shapeshifter)
  11 anubis guards
  120 large abominations
  6 putrid demonspawn (Pan)
  9 orb spiders (Zig:23)
  9 wolf spider zombies
  9 orc sorcerers
  5 draconian zombies
  4 sphinx zombies
  17 orc knights
  9 stone giant zombies
  A hornet (shapeshifter) (Abyss:3)
  35 necromancers
  8 oklob plants
  7 iron dragon zombies
  5 griffons
  A spectral ettin (Geh:3)
  3 cyclopes (shapeshifter) (D:15)
  A manticore (shapeshifter) (D:15)
  81 ugly things
  3 wizards
  15 fire giant zombies
  35 phantasmal warriors
  2 sphinx skeletons
  A faun (shapeshifter) (Abyss:3)
  11 shining eyes
  A draconian (shapeshifter) (Abyss:3)
  9 shadow dragon skeletons
  A tengu skeleton (Zig:15)
  10 wolf spiders
  18 cyclopes
  A spectral elf (Zig:15)
  9 frost giant zombies
  30 moths of wrath
  21 mana vipers
  2 hell hog skeletons (Geh:4)
  A manticore (D:8)
  12 iron dragon skeletons
  16 worldbinders
  A salamander zombie (Hell)
  8 eyes of devastation
  14 hornets
  3 shock serpent zombies
  6 frost giant skeletons
  8 stone giant skeletons
  50 sixfirhies
  9 dire elephant zombies
  41 salamanders
  60 rust devils
  7 elephants
  58 black mambas
  9 fire giant skeletons
  2 storm dragon simulacra (Coc:7)
  13 vault sentinels
  5 torpor snails
  69 smoke demons
  A spiny frog (shapeshifter) (Zig:20)
  30 spiny frogs
  8 gargoyles (D:14)
  3 shock serpent skeletons
  5 apocalypse crabs
  7 molten gargoyles (Geh:7)
  5 spectral swamp worms (Depths:2)
  9 dire elephant skeletons
  7 guardian serpents
  5 centaur skeletons
  4 titan simulacra (Coc:7)
  31 naga magi
  A komodo dragon (shapeshifter) (Vaults:5)
  A yellow draconian zombie (Zig:22)
  11 fire drakes
  2 white draconian zombies
  20 efreet
  40 orange demons
  3 catoblepas zombies
  An emperor scorpion zombie (Coc:7)
  73 yaktaurs
  A death yak zombie (Hell)
  51 hellions
  75 red devils
  A fire drake (shapeshifter) (Vaults:4)
  A spectral glowing shapeshifter (Zig:15)
  71 tormentors
  10 ancient zymes
  2 kobold demonologists
  A yaktaur (shapeshifter) (Depths:3)
  24 deep elf priests
  45 blue devils
  65 hellwings
  A pale draconian skeleton (Crypt:2)
  23 demonic crawlers
  68 guardian mummies
  9 komodo dragons
  5 tengu conjurers
  A green draconian skeleton (Pan)
  8 harpy zombies
  A two-headed ogre (shapeshifter) (Depths:2)
  68 freezing wraiths
  A spectral harpy (Tomb:1)
  3 catoblepas skeletons
  A ghoul skeleton (Crypt:1)
  13 jumping spiders
  A queen bee (Lair:8)
  9 silent spectres
  19 hydra zombies
  An anaconda simulacrum (Coc:7)
  4 polar bears
  11 giant leeches
  A slime creature (shapeshifter) (Depths:3)
  2 tengu simulacra (Zig:15)
  A baby alligator (shapeshifter) (Abyss:3)
  11 baby alligators
  7 boulder beetles
  10 fire vortices (Pan)
  A sphinx simulacrum (Zig:11)
  3 wind drakes
  Prince Ribbit (Lair:3)
  4 harpy skeletons
  A polar bear (shapeshifter) (Abyss:3)
  18 blink frogs
  28 ravens
  A minotaur skeleton (Geh:2)
  147 slime creatures
  A snapping turtle (Geh:2)
  16 ushabtiu
  5 wandering mushrooms (Zot:4)
  10 alligator zombies
  10 fire dragon zombies
  9 trolls
  23 two-headed ogres
  A boulder beetle (shapeshifter) (Depths:1)
  11 bog bodies
  8 ice dragon zombies
  2 raiju (shapeshifter)
  A blink frog (shapeshifter) (Vaults:1)
  10 hydra skeletons
  A basilisk (Lair:8)
  25 raiju
  8 trapdoor spiders
  2 fire giant simulacra
  21 hungry ghosts
  A stone giant simulacrum (Coc:1)
  3 black mamba zombies
  4 spriggan zombies
  2 trapdoor spiders (shapeshifter)
  6 air elementals
  A wyvern (shapeshifter) (Vaults:5)
  11 ettin zombies
  108 shadows
  16 redbacks
  8 spriggans
  7 tarantellas
  3 fire bats
  A redback (shapeshifter) (Vaults:2)
  41 ynoxinuls
  12 ettin skeletons
  12 fire dragon skeletons
  2 centaur simulacra
  191 flying skulls
  15 ice dragon skeletons
  18 water elementals
  32 vampires
  19 hippogriffs
  A human (shapeshifter) (Vaults:3)
  56 vampire mosquitoes
  An alligator skeleton (Geh:3)
  35 deep elf magi
  67 yaks
  3 black mamba skeletons
  4 wyverns
  30 fire elementals
  A human (D:8)
  2 wind drake skeletons (Crypt:1)
  A yak (shapeshifter) (Vaults:2)
  Grum (Orc:3)
  48 deep elf fighters
  4 mottled dragons
  2 elf zombies
  6 swamp worm simulacra (Swamp:5)
  A dire elephant simulacrum (Coc:7)
  51 wraiths
  5 steam dragons
  24 chaos spawn
  44 neqoxecs
  13 golden eyes
  4 spatial vortices
  26 swamp worms
  7 insubstantial wisps
  A torturous demonspawn zombie (Crypt:2)
  A warg (shapeshifter) (Abyss:3)
  A merfolk zombie (Dis:7)
  Menkaure (D:5)
  17 wolves
  11 wargs
  18 hydra simulacra
  A faun skeleton (Crypt:2)
  12 raven skeletons (Crypt:3)
  140 hell hounds
  13 spiny frog zombies
  A monstrous demonspawn skeleton (Geh:7)
  53 water moccasins
  57 nagas
  A deep troll skeleton (Depths:1)
  A merfolk skeleton (Tar:6)
  2 spriggan simulacra
  24 ice beasts
  5 boggarts (Vaults:2)
  2 elf simulacra (Zig:15)
  57 necrophages
  14 eyes of draining
  5 sky beasts
  14 porcupines
  A spectral snapping turtle (Tomb:1)
  24 swamp drakes
  A fire dragon simulacrum (Crypt:1)
  3 black bears
  5 human skeletons
  4 manticore zombies
  12 wasps
  53 orc warriors
  5 snapping turtle zombies
  8 spiders
  7 spiny frog skeletons
  51 ogres
  5 swamp dragon zombies
  A boggart (shapeshifter) (Vaults:5)
  3 swamp dragon skeletons
  12 centaurs
  6 snapping turtle skeletons
  An eye of draining (shapeshifter) (Zig:21)
  4 manticore skeletons
  A lindwurm skeleton (Crypt:1)
  13 phantoms
  2 boring beetles
  4 lost souls
  37 small abominations
  7 big kobolds
  21 crocodiles
  7 brain worms
  2 boring beetles (shapeshifter)
  A gnoll sergeant (D:8)
  A hell hound zombie (Geh:5)
  14 giant frogs
  A spiny frog simulacrum (Tar:4)
  A snapping turtle simulacrum (Coc:7)
  A wyvern skeleton (D:13)
  A cyclops skeleton (Crypt:1)
  8 scorpions
  2 human simulacra (Vaults:1)
  26 killer bees
  2 spriggan skeletons
  A raiju skeleton (Crypt:1)
  129 wights
  4 centaur zombies
  A spectral centaur (Tomb:1)
  36 orc priests
  2 electric eels
  A wolf skeleton (Crypt:2)
  A goliath beetle (D:8)
  27 crimson imps
  Crazy Yiuf (D:6)
  2 giant frog skeletons
  A gnoll shaman (D:6)
  8 human zombies
  44 jellies
  18 iguanas
  29 iron imps
  15 worker ants
  13 hounds
  7 quasits
  45 orc wizards
  Natasha (thrice) (D:5)
  7 hell rats
  A lightning spire (Zig:15)
  31 sheep
  An ogre zombie (Dis:7)
  A naga zombie (Geh:2)
  3 tengu zombies
  A necrophage skeleton (Crypt:1)
  An ogre skeleton (Tar:5)
  98 mummies
  A worker ant zombie (D:7)
  18 gnolls
  31 adders
  67 river rats
  2 giant mites
  23 shadow imps
  12 white imps
  A worm (shapeshifter) (D:15)
  2 giant eyeballs (Pan)
  2 swamp drake simulacra (Swamp:5)
  100 ufetubi
  3 worms
  A lava snake zombie (Crypt:2)
  An adder zombie (D:8)
  2 adder skeletons
  5 giant geckos
  4 oozes (Lair:8)
  285 orcs
  13 bats
  2 bat skeletons
  A bat zombie (D:5)
  32 goblins
  25 hobgoblins
  58 kobolds
  14 quokkas
  3 ball pythons
  10 giant cockroaches
  A giant gecko zombie (D:5)
  4 giant newts
  2 giant spores
  A gnoll skeleton (Crypt:2)
  A goblin zombie (Orc:1)
  11 jackals
  A jackal skeleton (Crypt:2)
  4 kobold skeletons
  2 lurking horrors
  An orc skeleton (Pan)
  5 orc zombies
  15 rats
  A rat zombie (Crypt:1)
  10 ballistomycetes
  6 bushes
  4 butterflies
  2 crawling corpses (Elf:2)
  112 fungi
  7 grand avatars
  105 plants
  22 starspawn tentacles
  3 tentacles
8457 creatures vanquished.

Vanquished Creatures (collateral kills)
  Dispater (Dis:7)
  An ironheart preserver (Vaults:2)
  An air elemental (Geh:2)
  An orc wizard (Orc:3)
  An orc (Orc:3)
5 creatures vanquished.

Vanquished Creatures (others)
  An ancient lich (Tar:7)
  A shard shrike (Coc:4)
  Margery (Vaults:4)
  A Brimstone Fiend (Zig:13)
  2 liches
  A tentacled monstrosity (Tar:6)
  A Shadow Fiend (Tar:6)
  8 eldritch tentacles
  A tengu reaver (Vaults:5)
  A storm dragon (Vaults:5)
  An azure jelly (Swamp:5)
  5 fire giants
  A draconian scorcher (Zig:19)
  4 emperor scorpions
  A frost giant (Zig:9)
  2 reapers
  A very ugly thing (Zig:13)
  A blood saint (Pan)
  2 elemental wellsprings (Coc:7)
  A black draconian (Zot:1)
  A purple draconian (Depths:5)
  A grey draconian (Zig:19)
  A white draconian (Zot:3)
  2 yellow draconians (Zig:19)
  A deep elf death mage (Vaults:4)
  A fire dragon (Coc:7)
  A green death (Pan)
  2 blizzard demons
  A hydra (Zig:16)
  A monstrous demonspawn (Pan)
  2 ice dragons
  An ogre mage (D:15)
  An iron golem (Dis:1)
  A storm dragon zombie (Geh:7)
  2 hell knights
  4 skeletal warriors
  A titan skeleton (Geh:7)
  2 shadow wraiths
  A soul eater (Tar:6)
  A shadow demon (Tar:7)
  A storm dragon skeleton (Geh:5)
  A gelid demonspawn (Pan)
  An anaconda zombie (Dis:7)
  37 death scarabs
  A harpy (shapeshifter) (Zig:13)
  2 anubis guards
  A shadow dragon zombie (Geh:4)
  2 tengu zombies
  A wolf spider zombie (Geh:7)
  A frost giant zombie (Coc:7)
  A sixfirhy (Tomb:1)
  A mana viper (Zig:11)
  A fire giant zombie (Hell)
  2 stone giant zombies
  An iron dragon skeleton (Geh:5)
  4 draconian zombies (Zig:22)
  A stone giant skeleton (Tar:7)
  A torpor snail (Zig:23)
  2 apocalypse crabs
  A large abomination (Pan)
  A molten gargoyle (Geh:7)
  A smoke demon (Zig:15)
  A dire elephant skeleton (Geh:5)
  An orange demon (Zig:13)
  A catoblepas zombie (Hell)
  2 efreet (Pan)
  129 ball lightnings
  3 red devils
  2 demonic crawlers (Zig:23)
  A guardian mummy (Dis:5)
  A wind drake (shapeshifter) (Vaults:5)
  A harpy skeleton (Geh:7)
  A giant leech (Zig:18)
  A wind drake (Depths:5)
  2 fire vortices
  2 raiju
  An ettin zombie (Geh:7)
  An air elemental (Geh:7)
  2 slime creatures (Slime:3)
  A hydra zombie (Geh:5)
  3 ravens
  An alligator zombie (Dis:1)
  A boulder beetle (Zig:9)
  A spriggan zombie (Hell)
  A deep elf mage (Vaults:3)
  8 flying skulls
  3 shadows
  A frost giant simulacrum (Zig:9)
  4 ynoxinuls
  A fire dragon skeleton (Geh:1)
  4 water elementals
  A vampire (Tar:7)
  4 wraiths
  2 deep elf fighters (Elf:1)
  3 fire elementals
  3 hell hounds
  A neqoxec (Zig:13)
  2 water moccasins (Lair:8)
  2 swamp drakes
  15 lost souls
  A salamander skeleton (Geh:4)
  An earth elemental (Geh:7)
  8 wights
  An elf zombie (Hell)
  2 iron imps
  An orc wizard (Orc:1)
  3 mummies
  A shadow imp (Tar:7)
  2 white imps (Abyss:3)
  A giant eyeball (Pan)
  10 ufetubi
  4 orcs
  2 giant spores
  2 lurking horrors (Abyss:3)
  2 orc zombies
  3 bushes
  613 eldritch tentacle segments
  24 fungi
  34 plants
  65 starspawn tentacles
  950 starspawn tentacle segments
  20 tentacles
  331 tentacle segments
  20 toadstools (Lair:7)
2445 creatures vanquished.

Grand Total: 10907 creatures vanquished

Notes
Turn   | Place    | Note
--------------------------------------------------------------
     0 | D:1      | RepoMan, the Ghoul Fighter, began the quest for the Orb.
     0 | D:1      | Reached XP level 1. HP: 19/19 MP: 1/1
   242 | D:1      | Reached XP level 2. HP: 19/26 MP: 2/2
   553 | D:1      | Reached XP level 3. HP: 31/31 MP: 3/3
  1012 | D:2      | Found a burning altar of Makhleb.
  1012 | D:2      | Found a glowing golden altar of the Shining One.
  1012 | D:2      | Found a blossoming altar of Fedhas.
  1012 | D:2      | Found a shimmering altar of Xom.
  1012 | D:2      | Found a shadowy altar of Dithmenos.
  1061 | D:2      | Reached XP level 4. HP: 37/40 MP: 3/3
  1106 | D:2      | Reached skill level 4 in Fighting
  1413 | D:2      | Reached XP level 5. HP: 46/46 MP: 4/4
  1437 | D:2      | Found a white marble altar of Elyvilon.
  1805 | D:3      | Found an opulent altar of Gozag.
  1998 | D:3      | Reached XP level 6. HP: 34/51 MP: 5/5
  2492 | D:4      | Found Tedeazu's Weapon Emporium.
  2810 | D:4      | Found a white marble altar of Elyvilon.
  3080 | D:4      | Reached XP level 7. HP: 54/60 MP: 5/5
  3126 | D:4      | Found a snail-covered altar of Cheibriados.
  3697 | D:4      | Reached skill level 5 in Maces & Flails
  3746 | D:4      | Reached skill level 5 in Fighting
  4023 | D:4      | Paralysed by a kobold for 5 turns
  4195 | D:5      | Entered Level 5 of the Dungeon
  4200 | D:5      | Reached XP level 8. HP: 68/68 MP: 6/6
  4267 | D:5      | Noticed Menkaure
  4271 | D:5      | Killed Menkaure
  4358 | D:5      | Noticed Natasha
  4373 | D:5      | Killed Natasha
  4570 | D:5      | Noticed Natasha
  4590 | D:5      | Killed Natasha
  4728 | D:5      | Found a staircase to the Ecumenical Temple.
  4748 | Temple   | Entered the Ecumenical Temple
  4874 | D:5      | Reached skill level 6 in Maces & Flails
  4896 | D:5      | Noticed Natasha
  4920 | D:5      | Killed Natasha
  5291 | D:6      | Found a sacrificial altar of Ru.
  5294 | D:6      | Found a sparkling altar of Nemelex Xobeh.
  5297 | D:6      | Found a deep blue altar of Sif Muna.
  5306 | D:6      | Found an iron altar of Okawaru.
  5369 | D:6      | Reached skill level 5 in Armour
  5369 | D:6      | Reached skill level 5 in Shields
  5731 | D:6      | Reached skill level 1 in Spellcasting
  5731 | D:6      | Reached XP level 9. HP: 70/75 MP: 8/10
  5874 | D:6      | Noticed Crazy Yiuf
  5902 | D:6      | Killed Crazy Yiuf
  5938 | D:6      | Got a slimy hammer
  5939 | D:6      | Identified the +12 hammer of Devotion {drain, Str+6 Dex-2} (You found it on level 6 of the Dungeon)
  6054 | D:7      | Reached skill level 7 in Maces & Flails
  6176 | D:7      | Found a stormy altar of Qazlal.
  6185 | D:7      | Became a worshipper of Qazlal Stormbringer
  6829 | D:8      | Reached skill level 1 in Invocations
  6845 | D:8      | Found Ceij's Magic Scroll Shop.
  6929 | D:8      | Bought a scroll of identify for 20 gold pieces
  6929 | D:8      | Bought a scroll of fog for 20 gold pieces
  6929 | D:8      | Bought a scroll of identify for 20 gold pieces
  6929 | D:8      | Bought a scroll of remove curse for 30 gold pieces
  6929 | D:8      | Bought a scroll of remove curse for 30 gold pieces
  6929 | D:8      | Bought a scroll of enchant armour for 75 gold pieces
  6929 | D:8      | Bought a scroll of immolation for 35 gold pieces
  6929 | D:8      | Bought a scroll of identify for 20 gold pieces
  6929 | D:8      | Bought a scroll of blinking for 75 gold pieces
  6929 | D:8      | Bought a scroll of remove curse for 30 gold pieces
  6936 | D:8      | Noticed a manticore
  6945 | D:8      | Killed a manticore
  6945 | D:8      | Acquired Qazlal's first power
  7012 | D:8      | Noticed a centaur skeleton
  7019 | D:8      | Killed a centaur skeleton
  7019 | D:8      | Reached skill level 8 in Maces & Flails
  7019 | D:8      | Reached XP level 10. HP: 81/86 MP: 13/14
  7760 | D:9      | Reached skill level 1 in Dodging
  7876 | D:9      | Acquired Qazlal's second power
  8022 | D:9      | Reached skill level 9 in Maces & Flails
  8622 | D:10     | Entered Level 10 of the Dungeon
  8666 | D:10     | Found Hofemume's Antique Weapon Shop.
  8678 | D:10     | Reached XP level 11. HP: 94/94 MP: 18/18
  8993 | D:10     | Found a staircase to the Orcish Mines.
  9039 | D:10     | Noticed CcS's ghost (experienced DgFE)
  9058 | D:10     | Killed CcS's ghost
  9417 | D:11     | Acquired Qazlal's third power
  9454 | D:11     | Found a staircase to the Lair.
  9562 | D:11     | Noticed Fannar
  9577 | D:11     | Noticed Erolcha
  9589 | D:11     | Killed Erolcha
  9626 | D:11     | Killed Fannar
  9626 | D:11     | Reached skill level 10 in Maces & Flails
 10045 | D:11     | Reached XP level 12. HP: 92/103 MP: 22/22
 10138 | D:11     | Reached skill level 5 in Spellcasting
 10410 | Lair:1   | Entered Level 1 of the Lair of Beasts
 10701 | Lair:1   | Acquired Qazlal's fourth power
 11901 | Lair:2   | Learned a level 1 spell: Apportation
 11904 | Lair:2   | Learned a level 2 spell: Blink
 12226 | Lair:3   | Acquired Qazlal's fifth power
 12325 | Lair:3   | Noticed a five-headed hydra
 12342 | Lair:3   | Killed a five-headed hydra
 12342 | Lair:3   | Reached skill level 5 in Dodging
 12342 | Lair:3   | Reached skill level 1 in Translocations
 12518 | Lair:3   | Noticed Prince Ribbit
 12549 | Lair:3   | Killed Prince Ribbit
 12549 | Lair:3   | Reached skill level 10 in Fighting
 12549 | Lair:3   | Reached skill level 11 in Maces & Flails
 13034 | Lair:4   | Noticed a seven-headed hydra
 13041 | Lair:4   | Reached XP level 13. HP: 97/113 MP: 24/24
 13048 | Lair:4   | Killed a seven-headed hydra
 13211 | Lair:4   | Noticed Maud
 13225 | Lair:4   | Killed Maud
 13369 | Lair:4   | Learned a level 1 spell: Magic Dart
 13436 | Lair:4   | Reached skill level 5 in Invocations
 13494 | Lair:4   | Found a staircase to the Snake Pit.
 14341 | Lair:5   | Reached skill level 1 in Conjurations
 14582 | Lair:5   | Found a staircase to the Swamp.
 15084 | Lair:6   | Found a runed door.
 15920 | Lair:6   | Noticed Erica
 15927 | Lair:6   | Killed Erica
 16154 | Lair:7   | Reached XP level 14. HP: 122/122 MP: 27/27
 16293 | Lair:7   | Got a crude plate armour
 16314 | Lair:7   | Identified the +6 plate armour "Thrixka" {rC+ Dex+2} (You found it on level 7 of the Lair of Beasts)
 16388 | Lair:7   | Got a translucent chain mail
 16406 | Lair:7   | Identified the +6 chain mail of Hopscotch {rCorr Str+4 Dex+6 Slay-4} (You found it on level 7 of the Lair of Beasts)
 16810 | Lair:7   | Found a blossoming altar of Fedhas.
 17195 | Lair:8   | Entered Level 8 of the Lair of Beasts
 17888 | Lair:8   | Reached skill level 10 in Armour
 18474 | Lair:8   | Reached skill level 12 in Maces & Flails
 18541 | Lair:8   | Found a staircase to the Slime Pits.
 18827 | Lair:8   | Reached XP level 15. HP: 127/127 MP: 29/29
 20239 | D:13     | Found a burning altar of Makhleb.
 20794 | D:13     | Found an ancient bone altar of Kikubaaqudgha.
 21472 | D:14     | Found a gate to the Vaults.
 21888 | D:15     | Entered Level 15 of the Dungeon
 21922 | D:15     | Found Pream's Book Boutique.
 21969 | D:15     | Found Muppanna's Gadget Boutique.
 22254 | D:15     | Found Clueregh's General Store.
 22267 | D:15     | Bought a scroll of identify for 22 gold pieces
 22267 | D:15     | Bought 3 scrolls of remove curse for 99 gold pieces
 22267 | D:15     | Bought a scroll of acquirement for 572 gold pieces
 22299 | D:15     | Found a sacrificial altar of Ru.
 22653 | D:15     | Reached XP level 16. HP: 130/139 MP: 29/31
 22668 | D:15     | Found a staircase to the Depths.
 23242 | D:10     | Upgraded the game from 0.16.2-2-g470672f to 0.16.2-3-ga078185
 23244 | Orc:1    | Entered Level 1 of the Orcish Mines
 24731 | Orc:3    | Noticed Nessos
 24751 | Orc:3    | Killed Nessos
 24813 | Orc:3    | Found a staircase to the Elven Halls.
 24902 | Orc:3    | Found a dark tunnel.
 24912 | Volcano  | Entered a volcano
 25222 | Orc:3    | Noticed Grum
 25233 | Orc:3    | Killed Grum
 25321 | Orc:3    | Reached skill level 10 in Shields
 25671 | Orc:4    | Entered Level 4 of the Orcish Mines
 25671 | Orc:4    | Found Gauntakh's Jewellery Shoppe.
 25993 | Orc:4    | Noticed Donald
 26019 | Orc:4    | Killed Donald
 26130 | Orc:4    | Bought the ring of Akaw {rElec rPois rF+ Str+2 Int-2} for 648 gold pieces
 26207 | Orc:4    | Found a burning altar of Makhleb.
 26294 | Orc:4    | Found Sithraf's Antique Weapon Boutique.
 26426 | Orc:4    | Found Guwaam's General Store.
 26445 | Orc:4    | Found Siawam's Antique Armour Shop.
 26471 | Orc:4    | Bought a transparent chain mail for 218 gold pieces
 26471 | Orc:4    | Identified the +4 chain mail of the Albatross {+Blink rF+ Regen+ rCorr Dex-4} (You bought it in a shop on level 4 of the Orcish Mines)
 27212 | Lair:2   | Learned a level 3 spell: Mephitic Cloud
 27359 | Swamp:1  | Entered Level 1 of the Swamp
 27489 | Swamp:1  | Reached skill level 1 in Air Magic
 28098 | Swamp:2  | Reached skill level 10 in Spellcasting
 29257 | Swamp:3  | Reached XP level 17. HP: 109/146 MP: 33/33
 30051 | Swamp:4  | Reached skill level 5 in Air Magic
 30401 | Swamp:5  | Entered Level 5 of the Swamp
 31141 | Swamp:5  | Reached skill level 10 in Invocations
 31577 | Swamp:5  | Got a decaying rune of Zot
 32131 | Lair:2   | Learned a level 2 spell: Shroud of Golubria
 32201 | Snake:1  | Entered Level 1 of the Snake Pit
 32201 | Snake:1  | Noticed Aizul
 32216 | Snake:1  | Noticed Agnes
 32233 | Lair:4   | Killed Aizul
 32259 | Snake:1  | Killed Agnes
 32395 | Snake:1  | Reached skill level 1 in Charms
 33100 | Snake:2  | Noticed Norris
 33116 | Snake:2  | Killed Norris
 33212 | Snake:2  | Found Iriacu's Weapon Boutique.
 33395 | Snake:2  | Noticed Vashnia
 33464 | Snake:2  | Killed Vashnia
 33464 | Snake:2  | Reached XP level 18. HP: 122/156 MP: 34/34
 33781 | Snake:2  | Learned a level 3 spell: Static Discharge
 33860 | Snake:3  | Reached skill level 5 in Conjurations
 34049 | Snake:3  | Reached skill level 13 in Maces & Flails
 34919 | Snake:4  | Noticed Saint Roka
 34954 | Snake:4  | Killed Saint Roka
 35250 | Snake:4  | Noticed Jorgrun
 35260 | Snake:4  | Killed Jorgrun
 35764 | Snake:5  | Entered Level 5 of the Snake Pit
 36136 | Snake:5  | Reached XP level 19. HP: 138/163 MP: 27/35
 36757 | Snake:5  | Got a slimy leather armour
 36769 | Snake:5  | Identified the +4 leather armour "Plyesymp" {+Blink rF+ Str-2} (You found it on level 5 of the Snake Pit)
 37351 | Snake:5  | Got a serpentine rune of Zot
 38100 | Vaults:1 | Entered Level 1 of the Vaults
 38160 | Vaults:1 | Noticed Wiglaf
 38180 | Vaults:1 | Killed Wiglaf
 38814 | Vaults:1 | Found a glowing silver altar of Zin.
 39152 | Vaults:1 | Reached XP level 20. HP: 169/173 MP: 36/36
 39680 | Vaults:1 | Reached skill level 10 in Air Magic
 39959 | Vaults:2 | Reached skill level 14 in Fighting
 40177 | Vaults:2 | Paralysed by a sphinx for 6 turns
 40220 | Vaults:2 | Paralysed by a sphinx for 4 turns
 41346 | Vaults:2 | Found Tiurirch's Book Shoppe.
 41742 | Lair:2   | Learned a level 5 spell: Lightning Bolt
 41748 | Lair:2   | Learned a level 5 spell: Silence
 42104 | Vaults:2 | Reached skill level 1 in Hexes
 42323 | Vaults:2 | Reached XP level 21. HP: 148/182 MP: 35/37
 42451 | Vaults:3 | Found a staircase to the Crypt.
 43985 | Vaults:4 | Noticed Sojobo
 44005 | Vaults:4 | Killed Sojobo
 44177 | Vaults:4 | Noticed Mara
 44196 | Vaults:4 | Noticed RepoMan's illusion
 44220 | Vaults:4 | Killed Mara
 44297 | Vaults:4 | Noticed Margery
 44311 | Vaults:4 | Killed Margery
 44991 | Vaults:4 | Reached skill level 15 in Fighting
 45449 | Vaults:4 | Found Yluono's Food Emporium.
 45475 | Vaults:5 | Entered Level 5 of the Vaults
 45479 | Vaults:5 | Reached XP level 22. HP: 192/192 MP: 33/37
 45493 | Vaults:5 | Noticed an ancient lich
 45505 | Vaults:5 | Noticed a golden dragon
 45755 | Vaults:4 | Killed a golden dragon
 46185 | Vaults:4 | Killed an ancient lich
 46368 | Vaults:5 | Noticed an ancient lich
 46374 | Vaults:5 | Reached skill level 15 in Armour
 46384 | Vaults:5 | Noticed Enish's ghost (great OpWz)
 46594 | Vaults:5 | Paralysed by a sphinx for 3 turns
 46653 | Vaults:5 | Reached skill level 5 in Hexes
 47388 | Elf:1    | Entered Level 1 of the Elven Halls
 47696 | Elf:1    | Found Ruw Ilaw's Gadget Shop.
 48027 | Elf:1    | Got an amethyst-encrusted crystal plate armour
 48038 | Elf:1    | Identified the +14 crystal plate armour of Incorporation {Str+2 Dex+5} (You acquired it on level 1 of the Elven Halls)
 48261 | Elf:1    | Got a heavily runed iron amulet
 48262 | Elf:1    | Identified the amulet "Tyetucvi" {rMut +Fly rPois Int+4 Dex-4 SInv} (You found it on level 1 of the Elven Halls)
 48733 | Elf:2    | Found a runed gate.
 48734 | Elf:2    | Found a runed gate.
 48734 | Elf:2    | Found a runed gate.
 48811 | Elf:2    | Reached XP level 23. HP: 193/201 MP: 38/38
 48907 | Elf:2    | Reached skill level 15 in Maces & Flails
 49321 | Elf:3    | Entered Level 3 of the Elven Halls
 49520 | Elf:3    | Found Emerr's Armour Shoppe.
 49528 | Elf:3    | Bought a +2 pair of boots of running for 539 gold pieces
 50306 | Elf:3    | Got a warped helmet
 50311 | Elf:3    | Identified Shoist's Grimoire of the Puffin
 50327 | Elf:3    | Identified the +1 helmet of the Blind Marksman {Int+3 Slay+2} (You found it on level 3 of the Elven Halls)
 50371 | Elf:3    | Got an emerald-studded plate armour
 50372 | Elf:3    | Identified the +7 plate armour of Grace {rPois Regen+ Int+5 Dex+2} (You found it on level 3 of the Elven Halls)
 50531 | Elf:3    | Got a dazzling shortbow
 50532 | Elf:3    | Identified the +8 shortbow "Yddout" {venom, Dex+2} (You found it on level 3 of the Elven Halls)
 50536 | Elf:3    | Got a dazzling ring mail
 50537 | Elf:3    | Identified the +5 ring mail of Thut Ylu {-Cast -Tele rF+ Dex+2 Slay+2} (You found it on level 3 of the Elven Halls)
 51558 | Vaults:3 | Reached skill level 16 in Fighting
 51620 | Vaults:5 | Paralysed by a sphinx for 7 turns
 52495 | Vaults:5 | Killed Enish's ghost
 52550 | Vaults:4 | Killed an ancient lich
 52550 | Vaults:4 | Reached XP level 24. HP: 189/210 MP: 38/38
 53027 | Vaults:5 | Identified the Compendium of Lightness
 53032 | Vaults:5 | Got a silver rune of Zot
 53418 | Vaults:5 | Got a bound steel ring
 53419 | Vaults:5 | Identified the ring of the Imp {Str-2 Int+4 Dex+5 Stlth-} (You found it on level 5 of the Vaults)
 53436 | Vaults:5 | Got an uncursed brightly glowing morningstar
 53437 | Vaults:5 | Identified the +8 morningstar "Zedatefu" {freeze, Noisy +Rage Dex+3} (You took it off a vault sentinel on level 5 of the Vaults)
 53529 | Vaults:5 | Found Thraliason's Book Shoppe.
 54008 | Vaults:5 | Got an ancient longbow
 54009 | Vaults:5 | Identified the +10 longbow of Slow Death {freeze, -Cast rPois Int+6 Dex+4} (You found it on level 5 of the Vaults)
 54749 | Slime:1  | Entered Level 1 of the Pits of Slime
 55316 | Slime:2  | Found a viscous altar of Jiyva.
 56702 | Depths:1 | Entered Level 1 of the Depths
 56703 | Depths:1 | Found a one-way gate to the infinite horrors of the Abyss.
 56707 | Depths:1 | Paralysed by a sphinx for 2 turns
 58125 | Slime:6  | Entered Level 6 of the Pits of Slime
 58171 | Slime:6  | Noticed the royal jelly
 58182 | Slime:6  | Killed the royal jelly
 58205 | Slime:6  | Reached skill level 10 in Conjurations
 58285 | Slime:6  | Reached XP level 25. HP: 167/216 MP: 25/39
 58587 | Slime:6  | Got a translucent ivory ring
 58596 | Slime:6  | Got an ominously black robe
 58605 | Slime:6  | Identified the ring of Corr {rF+ Dex+3} (You found it on level 6 of the Pits of Slime)
 58617 | Slime:6  | Identified the cursed -2 robe of Impatience {rC+ MP+9} (You found it on level 6 of the Pits of Slime)
 58632 | Slime:6  | Identified the Almanac of Igneous Conjuration
 58643 | Slime:6  | Got a smoking robe
 58672 | Slime:6  | Identified the cursed -3 robe of Fedhas' Generosity {MR+ Str-2 Int+4 Slay+3} (You found it on level 6 of the Pits of Slime)
 58710 | Slime:6  | Got an encrusted greatsling
 58720 | Slime:6  | Identified the cursed -1 greatsling of Eleal {venom, Int+3} (You found it on level 6 of the Pits of Slime)
 58786 | Slime:6  | Got a slimy rune of Zot
 58788 | Slime:6  | Got a faintly glowing dagger
 58804 | Slime:6  | Identified the cursed +0 dagger "Oripruh" {flame, rPois rF+ Str+5} (You found it on level 6 of the Pits of Slime)
 59691 | Depths:1 | Reached skill level 17 in Armour
 60064 | Depths:1 | Found a gateway to a ziggurat.
 60111 | Depths:1 | Found a sparkling altar of Nemelex Xobeh.
 60141 | Depths:1 | Found a gateway to Hell.
 60229 | Depths:1 | Found a one-way gate leading to the halls of Pandemonium.
 60509 | Depths:2 | Found Hot Uka's Gadget Boutique.
 60520 | Depths:2 | Found Moaruaxad's Weapon Shoppe.
 60567 | Depths:2 | Found a huge runed gate.
 60567 | Depths:2 | Found a huge runed gate.
 60567 | Depths:2 | Found a huge runed gate.
 60568 | Depths:2 | Found a huge runed gate.
 60568 | Depths:2 | Found a huge runed gate.
 60568 | Depths:2 | Found a huge runed gate.
 60568 | Depths:2 | Found a huge runed gate.
 60568 | Depths:2 | Found a huge runed gate.
 60573 | Depths:2 | Found a huge runed gate.
 60573 | Depths:2 | Found a huge runed gate.
 60742 | Depths:2 | Noticed Nikola
 60758 | Depths:2 | Killed Nikola
 60821 | Depths:2 | Found a runed door.
 60846 | Depths:2 | Got a twitching wooden ring
 60847 | Depths:2 | Got a pitted trident
 60860 | Depths:2 | Identified the Incunabulum of Protection and Black Arts
 60880 | Depths:2 | Learned a level 2 spell: Song of Slaying
 60935 | Depths:2 | Found Xuof's Antique Weapon Shoppe.
 60937 | Depths:2 | Identified the +5 trident of Makhleb's Hatred {flame, MR+} (You took it off a spriggan berserker on level 2 of the Depths)
 61004 | Depths:2 | Identified the ring of the Will of the Gods {Ice rPois Slay+2} (You took it off a frost giant on level 2 of the Depths)
 61223 | Depths:2 | Noticed a greater mummy
 61247 | Depths:2 | Killed a greater mummy
 61247 | Depths:2 | Reached skill level 15 in Air Magic
 61409 | Depths:2 | Found Suti's Armour Boutique.
 61595 | Depths:3 | Reached XP level 26. HP: 172/228 MP: 39/39
 61728 | Depths:3 | Found Xomogroc's Distillery.
 61737 | Depths:3 | Bought a potion of haste for 130 gold pieces
 61737 | Depths:3 | Bought a potion of heal wounds for 65 gold pieces
 61737 | Depths:3 | Bought a potion of might for 52 gold pieces
 61737 | Depths:3 | Bought 2 potions of resistance for 260 gold pieces
 62646 | Depths:4 | Got a jewelled shield
 62673 | Depths:4 | Identified the +1 shield of Cowardice {rF+ MR+ rCorr Dex-4} (You found it on level 4 of the Depths)
 62700 | Depths:4 | Reached skill level 15 in Shields
 62781 | Depths:4 | Reached skill level 5 in Charms
 62941 | Depths:4 | Reached skill level 18 in Armour
 63282 | Depths:4 | Learned a level 2 spell: Swiftness
 63475 | Depths:4 | Learned a level 3 spell: Flight
 63589 | Depths:4 | Found a corrupted altar of Lugonu.
 63934 | Depths:5 | Entered Level 5 of the Depths
 64207 | Depths:5 | Reached XP level 27. HP: 213/238 MP: 40/40
 64273 | Depths:5 | Found a gate to the Realm of Zot.
 64396 | Depths:5 | Got a pair of shimmering boots
 64407 | Depths:5 | Identified the +2 pair of boots of the Original Sin {SInv} (You acquired it on level 5 of the Depths)
 64758 | Depths:5 | Found a runed door.
 65353 | Depths:5 | Found a portal to a secret trove of treasure.
 66129 | Lair:2   | Learned a level 2 spell: Sure Blade
 66451 | Crypt:1  | Entered Level 1 of the Crypt
 67014 | Crypt:1  | Upgraded the game from 0.16.2-3-ga078185 to 0.16.2-12-gd0ad4c3
 68563 | Crypt:2  | Reached skill level 19 in Armour
 69316 | Crypt:3  | Entered Level 3 of the Crypt
 69560 | Crypt:3  | Noticed Frederick
 69570 | Crypt:3  | Killed Frederick
 69791 | Crypt:3  | Got a twitching sapphire amulet
 69798 | Crypt:3  | Identified the amulet of Mnunt {Ward -Tele rElec rPois rC- rN+ Dex+4} (You found it on level 3 of the Crypt)
 69842 | Crypt:3  | Found an ancient bone altar of Kikubaaqudgha.
 70223 | Crypt:3  | Noticed an ancient lich
 70249 | Crypt:3  | Killed an ancient lich
 71177 | Crypt:3  | Found a staircase to the Tomb.
 71924 | Crypt:3  | Got a bloodstained great sword
 71926 | Crypt:3  | Got a brightly glowing flail
 71929 | Crypt:3  | Identified the +4 flail of Khempy {freeze, rElec rC+ Str+3} (You found it on level 3 of the Crypt)
 72180 | Tomb:1   | Entered Level 1 of the Tomb of the Ancients
 73410 | Lair:2   | Learned a level 2 spell: Slow
 73414 | Lair:2   | Learned a level 3 spell: Confuse
 73871 | Zot:1    | Entered Level 1 of the Realm of Zot
 75456 | Zot:2    | Reached skill level 20 in Armour
 75856 | Zot:3    | Reached skill level 15 in Invocations
 77299 | Zot:4    | Got a distressingly furry scale mail
 77300 | Zot:4    | Identified the +9 scale mail "Elousmat" {+Fly rF- rC+ Str+3 Int+3} (You found it on level 4 of the Realm of Zot)
 77363 | Zot:4    | Reached skill level 10 in Charms
 77603 | Zot:4    | Learned a level 4 spell: Control Teleport
 78430 | D:11     | Noticed Urug
 78434 | D:11     | Killed Urug
 78907 | Depths:1 | Voluntarily entered the Abyss.
 78907 | Abyss:1  | Found a corrupted altar of Lugonu.
 78971 | Abyss:3  | Found a blossoming altar of Fedhas.
 79377 | Abyss:3  | Paralysed by accursed screaming for 1 turns
 79788 | Abyss:3  | Got a brightly glowing mace
 80055 | Abyss:3  | Reached skill level 5 in Translocations
 80094 | Abyss:3  | Paralysed by accursed screaming for 1 turns
 80392 | Abyss:3  | Identified the +11 mace of Fortitude {venom, rF+ Str+4} (You found it on level 3 of the Abyss)
 80550 | Abyss:3  | Got an abyssal rune of Zot
 81049 | Abyss:3  | Reached skill level 21 in Armour
 81171 | Depths:1 | Escaped the Abyss
 81496 | Depths:5 | You showed the abyssal rune of Zot to enter a treasure trove
 81497 | Trove    | Entered a treasure trove
 81514 | Trove    | Identified Sif Muna's Incunabulum of Panentheism
 81520 | Trove    | Learned a level 4 spell: Airstrike
 81527 | Trove    | Learned a level 6 spell: Conjure Ball Lightning
 81529 | Trove    | Identified Sif Muna's Incunabulum of Damaging Cold
 81548 | Trove    | Identified the Catalogue of the Compass
 81551 | Trove    | Identified Sif Muna's Papyrus of Damage Dealing
 81567 | Trove    | Identified Wajuv's Spellweaving Continued
 81582 | Trove    | Learned a level 3 spell: Regeneration
 82264 | Hell     | Entered the Vestibule of Hell
 82264 | Hell     | Noticed Geryon
 82898 | Hell     | Killed Geryon
 83108 | Hell     | Found a gateway to the freezing wastes of Cocytus.
 83202 | Hell     | Found a gateway to the decaying netherworld of Tartarus.
 83283 | Hell     | Found a gateway to the ashen valley of Gehenna.
 83400 | Hell     | Found a gateway to the Iron City of Dis.
 83670 | Dis:1    | Entered Level 1 of the Iron City of Dis
 84436 | Geh:1    | Entered Level 1 of Gehenna
 88878 | Geh:7    | Entered Level 7 of Gehenna
 88900 | Geh:7    | Noticed Stubu's ghost (legendary GrFi)
 89390 | Geh:7    | Reached skill level 22 in Armour
 89852 | Geh:7    | Got a polished great sword
 89853 | Geh:7    | Identified the +6 great sword of Truth {vamp, +Inv rF+} (You found it on level 7 of Gehenna)
 89985 | Geh:7    | Got a pitted long sword
 90373 | Geh:7    | Identified the cursed +3 long sword of Havoc {venom, rElec Dex+4 Stlth-} (You found it on level 7 of Gehenna)
 91430 | Vaults:5 | Bought a book of Alchemy for 1350 gold pieces
 91438 | Vaults:5 | Learned a level 5 spell: Irradiate
 91936 | D:14     | Reached skill level 1 in Transmutations
 93585 | Dis:1    | Reached skill level 5 in Transmutations
 93967 | Tar:1    | Entered Level 1 of Tartarus
 94719 | Tar:2    | Cast into the Abyss (skeletal warrior)
 94863 | Abyss:1  | Found a corrupted altar of Lugonu.
 94958 | Abyss:1  | Paralysed by accursed screaming for 1 turns
 95235 | Tar:2    | Escaped the Abyss
 96486 | Tar:4    | Reached skill level 10 in Transmutations
 96984 | Tar:6    | Found a huge runed gate.
 96984 | Tar:6    | Found a huge runed gate.
 96984 | Tar:6    | Found a huge runed gate.
 96985 | Tar:6    | Found a huge runed gate.
 96985 | Tar:6    | Found a huge runed gate.
 96985 | Tar:6    | Found a huge runed gate.
 96985 | Tar:6    | Found a huge runed gate.
 96985 | Tar:6    | Found a huge runed gate.
 96985 | Tar:6    | Found a huge runed gate.
 96986 | Tar:6    | Found a huge runed gate.
 97662 | Tar:7    | Entered Level 7 of Tartarus
 97704 | Tar:7    | Noticed an ancient lich
 97720 | Tar:7    | Killed an ancient lich
 97918 | Tar:7    | Noticed an ancient lich
 97968 | Tar:7    | Noticed an ancient lich
 97981 | Hell     | Reached skill level 10 in Dodging
 98308 | Lair:2   | Learned a level 3 spell: Passwall
 98324 | Lair:2   | Learned a level 6 spell: Haste
 98977 | Zot:5    | Entered Level 5 of the Realm of Zot
 99859 | Tar:7    | Killed an ancient lich
 99859 | Tar:7    | Reached skill level 15 in Spellcasting
 99874 | Tar:7    | Killed an ancient lich
100093 | Tar:7    | Identified a +2 rod of shadows (13/13) (You found it on level 7 of Tartarus)
100362 | Tar:7    | Noticed Ereshkigal
100449 | Tar:7    | Killed Ereshkigal
100470 | Tar:7    | Reached skill level 15 in Charms
100510 | Tar:7    | Got a bone rune of Zot
101487 | Tar:7    | Identified the Reference Book on Spatial Evil
101535 | Tar:7    | Got a brightly glowing hand axe
101671 | Tar:7    | Identified the Handbook of Lethal Moulding
102225 | Lair:2   | Identified the cursed +1 hand axe "Sausuri" {chop, rF+} (You found it on level 7 of Tartarus)
105022 | Coc:1    | Entered Level 1 of Cocytus
107217 | Pan      | Entered Pandemonium
107258 | Pan      | Noticed Jorchesuk the pandemonium lord
107282 | Pan      | Killed Jorchesuk the pandemonium lord
107649 | Pan      | Found an exit through the horrors of the Abyss.
107869 | Pan      | Got a sparkling pewter ring
107871 | Pan      | Identified the ring "Loshruytz" {SustAb rC+ MP+9 Str+3} (You found it in Pandemonium)
108492 | Pan      | Noticed Wuneym Phey the pandemonium lord
108525 | Pan      | Killed Wuneym Phey the pandemonium lord
108766 | Depths:1 | Escaped Pandemonium
110425 | Geh:7    | Got a serpentine garnet amulet
110451 | Geh:7    | Got a steaming platinum ring
110452 | Geh:7    | Identified the ring "Ciempeg" {Contam rPois rC+ EV+3 Int+4 Stlth-} (You found it on level 7 of Gehenna)
110465 | Geh:7    | Noticed Asmodeus
110504 | Geh:7    | Killed Asmodeus
110520 | Geh:7    | Got an obsidian rune of Zot
111182 | Lair:2   | Identified the amulet "Skimoug" {Gourm rPois} (You took it off a balrug on level 7 of Gehenna)
111512 | Pan      | Entered Pandemonium
111751 | Pan      | Found an exit through the horrors of the Abyss.
111826 | Pan      | Noticed Urhetea the pandemonium lord
111864 | Pan      | Killed Urhetea the pandemonium lord
112331 | Pan      | Entered the realm of Mnoleg.
112331 | Pan      | Found an exit through the horrors of the Abyss.
112475 | Pan      | Got an iridescent shortbow
112477 | Pan      | Got a pitted ring mail
112662 | Pan      | Paralysed by a giant eyeball for 3 turns
112673 | Pan      | Paralysed by a giant eyeball for 2 turns
112680 | Pan      | Paralysed by a giant eyeball for 4 turns
113369 | Pan      | Noticed Mnoleg
113392 | Pan      | Killed Mnoleg
113392 | Pan      | Reached skill level 23 in Air Magic
113418 | Pan      | Got a glowing rune of Zot
113445 | Pan      | Got a dazzling plate armour
113733 | Pan      | Identified the +9 shortbow of the Assorted Nights {freeze, Str+2} (You found it in Pandemonium)
113750 | Pan      | Identified the +2 ring mail of Inquiry {Int+4 Dex+2} (You found it in Pandemonium)
113760 | Pan      | Identified the cursed -2 plate armour of Twilight {Str+4} (You found it in Pandemonium)
113821 | Pan      | Found an exit through the horrors of the Abyss.
113964 | Pan      | Got a warped quarterstaff
114395 | Pan      | Noticed Wuumunle the pandemonium lord
114994 | Pan      | Killed Wuumunle the pandemonium lord
115427 | Pan      | Identified the +9 quarterstaff of Prapp {pain, rC+} (You took it off a warmonger in Pandemonium)
115861 | Pan      | Found a runed door.
115880 | Pan      | Found a runed door.
115901 | Pan      | Found a runed door.
115911 | Pan      | Found a runed door.
115924 | Pan      | Noticed Lexzic the pandemonium lord
115933 | Pan      | Killed Lexzic the pandemonium lord
115949 | Pan      | Got a polished whip
116169 | Pan      | Found an exit through the horrors of the Abyss.
116669 | Pan      | Found an exit through the horrors of the Abyss.
116727 | Pan      | Noticed Stial the pandemonium lord
116760 | Pan      | Killed Stial the pandemonium lord
117290 | Pan      | Entered the realm of Cerebov.
117710 | Pan      | Got a dazzling great sword
117848 | Pan      | Got an ancient war axe
117902 | Pan      | Noticed Cerebov
117941 | Pan      | Killed Cerebov
117992 | Pan      | Got a crystal dire flail
118056 | Pan      | Got a warped hand axe
118069 | Pan      | Identified the Handbook of the Dusty Frostbite
118087 | Pan      | Identified the +6 hand axe of a bazaar {freeze, rPois Str+3} (You found it in Pandemonium)
118088 | Pan      | Identified the +6 war axe "Uzixe" {chop, Dex+7} (You took it off a balrug in Pandemonium)
118094 | Pan      | Identified the +12 dire flail "Bezim" {flame, rN+} (You took it off a balrug in Pandemonium)
118095 | Pan      | Identified the +6 great sword of the Mushroom {slice, MR+ Str+4 Int-3 SInv Stlth+} (You took it off a torturous demonspawn in Pandemonium)
118096 | Pan      | Identified a +0 rod of destruction (14/14) (You found it in Pandemonium)
118111 | Pan      | Identified Sif Muna's Reference Book on Lucky Arcane Weapons
118140 | Pan      | Got a fiery rune of Zot
118511 | Pan      | Noticed Mnoihit the pandemonium lord
118522 | Pan      | Killed Mnoihit the pandemonium lord
118602 | Depths:1 | Escaped Pandemonium
118924 | Lair:2   | Learned a level 8 spell: Chain Lightning
119686 | Pan      | Entered Pandemonium
119712 | Pan      | Found an exit through the horrors of the Abyss.
119748 | Pan      | Entered the realm of Gloorx Vloq.
119748 | Pan      | Found a gateway to a ziggurat.
119754 | Pan      | Noticed Mennas
119859 | Pan      | Killed Mennas
120407 | Pan      | Noticed Gloorx Vloq
120426 | Pan      | Killed Gloorx Vloq
120441 | Pan      | Got a dark rune of Zot
121112 | Pan      | Found an exit through the horrors of the Abyss.
121628 | Pan      | Reached skill level 24 in Air Magic
121758 | Zig:1    | Entered Level 1 of a ziggurat
121803 | Zig:2    | Entered Level 2 of a ziggurat
121848 | Zig:2    | Got a slimy quarterstaff
121858 | Zig:3    | Entered Level 3 of a ziggurat
121917 | Zig:4    | Entered Level 4 of a ziggurat
121919 | Zig:4    | Noticed Idwodosch the pandemonium lord
121939 | Zig:4    | Killed Idwodosch the pandemonium lord
121979 | Zig:5    | Entered Level 5 of a ziggurat
122040 | Zig:5    | Got an ichor-stained rapier
122042 | Zig:5    | Got a steaming long sword
122044 | Zig:5    | Identified Xecelimu's Grimoire of Beguiling
122059 | Zig:6    | Entered Level 6 of a ziggurat
122112 | Zig:6    | Got a blackened halberd
122115 | Zig:6    | Got a crystal flail
122117 | Zig:6    | Identified the cursed +3 flail "Spiderbane" {freeze, rC+ Dex+4} (You found it on level 6 of a ziggurat)
122121 | Zig:6    | Identified the +4 rapier "Chi Phut" {drain, rC+ Str+4 Int+4} (You found it on level 5 of a ziggurat)
122122 | Zig:6    | Identified the +1 long sword "Demonbane" {antimagic, rPois rF- rN+ MR+ Int+4} (You found it on level 5 of a ziggurat)
122129 | Zig:7    | Entered Level 7 of a ziggurat
122288 | Zig:8    | Entered Level 8 of a ziggurat
122317 | Zig:8    | Got a fine large shield
122453 | Zig:9    | Entered Level 9 of a ziggurat
122649 | Zig:9    | Identified the +6 large shield "Ghuotuabb" {rElec} (You took it off a daeva on level 8 of a ziggurat)
122664 | Zig:9    | Identified the cursed +1 quarterstaff "Schuisuo" {freeze, rF- Dex+4} (You found it on level 2 of a ziggurat)
122666 | Zig:9    | Identified the +3 halberd "Cuufo" {chop, rPois Int+2 Dex+2} (You found it on level 6 of a ziggurat)
122682 | Zig:9    | Reached skill level 15 in Conjurations
122684 | Zig:9    | Got a flickering glass ring
122685 | Zig:9    | Identified the ring "Rasengi" {rElec rC+ Int+4 Dex+3 Slay+2} (You found it on level 9 of a ziggurat)
122721 | Zig:10   | Entered Level 10 of a ziggurat
122817 | Zig:10   | Got a crude tin ring
122818 | Zig:10   | Identified the ring "Khukucle" {Fire +Fly MR+} (You found it on level 10 of a ziggurat)
122823 | Zig:10   | Identified the Reference Book on Assistive Clay
122832 | Zig:10   | Got a clouded lapis lazuli ring
122835 | Zig:10   | Identified the ring of Toatseox {rF+ Stlth+} (You found it on level 10 of a ziggurat)
122955 | Zig:11   | Entered Level 11 of a ziggurat
123081 | Zig:11   | Identified Sif Muna's Arcane Secrets of Theurgy
123085 | Zig:11   | Got a pitted great mace
123111 | Zig:11   | Identified the +8 great mace "Socloxuz" {freeze, rPois rN+ MP+9} (You found it on level 11 of a ziggurat)
123156 | Zig:12   | Entered Level 12 of a ziggurat
123381 | Zig:12   | Identified the Grimoire of Igneous Conjuration
123407 | Zig:13   | Entered Level 13 of a ziggurat
123413 | Zig:13   | Noticed Woetsuda the pandemonium lord
123417 | Zig:13   | Noticed Skemecon the pandemonium lord
123421 | Zig:13   | Noticed Lusaovocs the pandemonium lord
123432 | Zig:13   | Killed Skemecon the pandemonium lord
123466 | Zig:13   | Killed Woetsuda the pandemonium lord
123521 | Zig:13   | Killed Lusaovocs the pandemonium lord
123680 | Zig:13   | Got a flickering steel ring
123681 | Zig:13   | Identified the ring "Mykummi" {rPois rN+ Str-5 Slay+3} (You found it on level 13 of a ziggurat)
123686 | Zig:13   | Identified the Catalogue of the Glacier
123705 | Zig:14   | Entered Level 14 of a ziggurat
123753 | Zig:14   | Paralysed by accursed screaming for 1 turns
123764 | Zig:14   | Paralysed by accursed screaming for 1 turns
124014 | Zig:15   | Entered Level 15 of a ziggurat
124208 | Zig:15   | Got a fine plate armour
124217 | Zig:15   | Got an ancient plate armour
124229 | Zig:15   | Identified the Collected Works on Changing
124290 | Zig:15   | Identified the cursed -2 plate armour of Leaves {Regen+ Int+2} (You found it on level 15 of a ziggurat)
124303 | Zig:15   | Identified the +4 plate armour of Minor Irritation {rElec MP+9 Str-4 Dex+6} (You found it on level 15 of a ziggurat)
124367 | Zig:16   | Entered Level 16 of a ziggurat
124442 | Zig:16   | Reached skill level 25 in Air Magic
124552 | Zig:16   | Got a warped wooden ring
124555 | Zig:16   | Identified the ring of the Devil {-Cast rPois rC+ rN++ Str-3 Int+2} (You found it on level 16 of a ziggurat)
124570 | Zig:17   | Entered Level 17 of a ziggurat
124600 | Zig:17   | Noticed Meppen the pandemonium lord
124651 | Zig:17   | Killed Meppen the pandemonium lord
124851 | Pan      | Got a brightly glowing large shield
124865 | Pan      | Identified the +3 large shield of Ghonoic {+Blink MR+ Regen+ rCorr Str-3} (You acquired it in Pandemonium)
125078 | Pan      | Noticed Breogiw the pandemonium lord
125099 | Pan      | Killed Breogiw the pandemonium lord
125384 | Depths:1 | Escaped Pandemonium
125710 | Lair:2   | Learned a level 9 spell: Tornado
127656 | Coc:7    | Entered Level 7 of Cocytus
127803 | Coc:7    | Reached skill level 26 in Air Magic
127804 | Coc:7    | Noticed Loynis' ghost (legendary OpSu)
127831 | Coc:7    | Killed Loynis' ghost
128416 | Coc:7    | Noticed the Serpent of Hell
128829 | Coc:7    | Killed the Serpent of Hell
129482 | Coc:7    | Noticed Antaeus
129484 | Coc:7    | Got an icy rune of Zot
129542 | Coc:7    | Reached skill level 27 in Air Magic
129755 | Coc:7    | Killed Antaeus
129757 | Coc:7    | Got a warped lead ring
129766 | Coc:7    | Identified the cursed ring "Kob Qaas" {rF+ AC-5 Int+2} (You took it off Antaeus on level 7 of Cocytus)
129801 | Coc:7    | Got an ichor-stained chain mail
130100 | Hell     | Identified the +0 chain mail of the Commoners {MP+9} (You found it on level 7 of Cocytus)
132219 | Dis:7    | Entered Level 7 of the Iron City of Dis
132219 | Dis:7    | Found a huge runed gate.
132219 | Dis:7    | Found a huge runed gate.
132220 | Dis:7    | Found a huge runed gate.
132221 | Dis:7    | Found a huge runed gate.
133286 | Dis:7    | Got a faintly humming robe
133330 | Dis:7    | Got a scorched short sword
133545 | Dis:7    | Got an ancient greatsling
134076 | Dis:7    | Reached skill level 27 in Armour
134220 | Dis:7    | Got a warped ring mail
134222 | Dis:7    | Got an opalescent robe
134300 | Dis:7    | Noticed Dispater
134354 | Dis:7    | Killed Dispater
134509 | Dis:7    | Got an iron rune of Zot
134807 | Dis:7    | Found a huge runed gate.
134808 | Dis:7    | Found a huge runed gate.
134809 | Dis:7    | Found a huge runed gate.
134810 | Dis:7    | Found a huge runed gate.
135212 | Lair:2   | Identified the +0 robe "Ghaaxuca" {Str-4 SInv Stlth+} (You found it on level 7 of the Iron City of Dis)
135222 | Lair:2   | Identified the +5 ring mail "Huabixor" {Str+5} (You found it on level 7 of the Iron City of Dis)
135232 | Lair:2   | Identified the +2 robe of the Present {+Blink rElec rPois Regen+ Str-4} (You found it on level 7 of the Iron City of Dis)
135242 | Lair:2   | Identified the +2 greatsling of Ofomy {flame, rElec rC- Int-4 Dex+3 SInv} (You found it on level 7 of the Iron City of Dis)
139717 | Pan      | Entered Pandemonium
140164 | Pan      | Noticed Vaqit the pandemonium lord
140218 | Pan      | Killed Vaqit the pandemonium lord
140461 | Pan      | Found an exit through the horrors of the Abyss.
140671 | Pan      | Entered the realm of Lom Lobon.
140913 | Pan      | Found a gateway to a ziggurat.
140966 | Pan      | Found an exit through the horrors of the Abyss.
140972 | Zig:1    | Entered Level 1 of a ziggurat
141004 | Zig:2    | Entered Level 2 of a ziggurat
141039 | Zig:3    | Entered Level 3 of a ziggurat
141140 | Zig:4    | Entered Level 4 of a ziggurat
141188 | Zig:4    | Got a transparent great mace
141197 | Zig:4    | Identified the +4 great mace of Spring {crush, SInv} (You found it on level 4 of a ziggurat)
141207 | Zig:5    | Entered Level 5 of a ziggurat
141328 | Zig:5    | Got a fine buckler
141339 | Zig:5    | Identified the cursed +0 buckler of Dawn {rPois MR+ Int+4} (You found it on level 5 of a ziggurat)
141357 | Zig:6    | Entered Level 6 of a ziggurat
141571 | Zig:7    | Entered Level 7 of a ziggurat
141628 | Zig:7    | Got a spiked scale mail
141633 | Zig:7    | Identified Kikubaaqudgha's Handbook of Unholy Rituals
141652 | Zig:7    | Identified the +3 scale mail of the Assorted Dances {rPois rC- Int+3} (You found it on level 7 of a ziggurat)
141657 | Zig:8    | Entered Level 8 of a ziggurat
141727 | Zig:8    | Identified the Catalogue of Dusty Transformation
141730 | Zig:8    | Got a translucent steel ring
141736 | Zig:8    | Identified the ring "Tolaoq" {rPois Str+4} (You found it on level 8 of a ziggurat)
141821 | Zig:9    | Entered Level 9 of a ziggurat
141981 | Zig:10   | Entered Level 10 of a ziggurat
142065 | Zig:10   | Got a transparent leather armour
142087 | Zig:10   | Identified the cursed -2 leather armour of Fun and Games {rC+ rN+ MR-} (You found it on level 10 of a ziggurat)
142111 | Zig:11   | Entered Level 11 of a ziggurat
142179 | Zig:11   | Got a heavily runed brass amulet
142190 | Zig:11   | Identified the amulet of Obsession {Gourm -Cast rC+ MR+} (You found it on level 11 of a ziggurat)
142197 | Zig:12   | Entered Level 12 of a ziggurat
142357 | Zig:12   | Identified a +2 rod of destruction (13/13) (You found it on level 12 of a ziggurat)
142382 | Zig:13   | Entered Level 13 of a ziggurat
142389 | Zig:13   | Noticed Acuif the pandemonium lord
142402 | Zig:13   | Killed Acuif the pandemonium lord
142453 | Zig:13   | Identified a +2 rod of ignition (10/10) (You found it on level 13 of a ziggurat)
142459 | Zig:13   | Got a translucent flail
142465 | Zig:13   | Identified the Catalogue of the Volcanoes
142496 | Zig:14   | Entered Level 14 of a ziggurat
142612 | Zig:14   | Got a steaming platinum amulet
142639 | Zig:14   | Identified the +8 flail "Luf Thei" {speed, *Rage rElec rPois Str-5 Stlth+} (You found it on level 13 of a ziggurat)
142641 | Zig:14   | Identified the amulet of Meiheose {rCorr Contam MP+9 Str+3 Int+3} (You found it on level 14 of a ziggurat)
142668 | Zig:15   | Entered Level 15 of a ziggurat
142807 | Zig:15   | Identified the Collected Works on Talismans and Changing
142870 | Zig:16   | Entered Level 16 of a ziggurat
143065 | Zig:16   | Got a heavily runed buckler
143068 | Zig:16   | Identified the Handbook of Creative Displacement
143074 | Zig:16   | Identified the +1 buckler "Lain" {rPois rC+ rCorr Stlth+} (You found it on level 16 of a ziggurat)
143080 | Zig:16   | Got a translucent glass ring
143081 | Zig:16   | Identified the ring "Pnucs" {+Fly Str+6 Stlth-} (You found it on level 16 of a ziggurat)
143098 | Zig:17   | Entered Level 17 of a ziggurat
143200 | Zig:17   | Got a translucent crystal amulet
143202 | Zig:17   | Got a scorched marble ring
143205 | Zig:17   | Got a transparent copper amulet
143212 | Zig:17   | Identified the amulet of Grace {Clar +Fly} (You found it on level 17 of a ziggurat)
143214 | Zig:17   | Identified the ring of Kikubaaqudgha's Regard {rF+ rC+ rN++ MR+} (You found it on level 17 of a ziggurat)
143215 | Zig:17   | Identified the amulet of Virtue {rMut MR+ MP-9 Dex+4} (You found it on level 17 of a ziggurat)
143227 | Zig:17   | Got a dazzling morningstar
143233 | Zig:17   | Identified the +7 morningstar of Kloraid {freeze, rN+ MR- Dex+4} (You found it on level 17 of a ziggurat)
143239 | Zig:18   | Entered Level 18 of a ziggurat
143256 | Zig:18   | Reached skill level 27 in Fighting
143343 | Zig:18   | Identified Buedazelil's Handbook of the Hidden Vale
143353 | Zig:18   | Got a coiled wooden ring
143376 | Zig:18   | Got a smelly scale mail
143386 | Zig:18   | Got a fine ice dragon armour
143387 | Zig:18   | Identified the cursed +0 ice dragon armour of Makhleb's Regard {rF- rC++ MR- Str+3 Slay+2 Stlth+} (You found it on level 18 of a ziggurat)
143388 | Zig:18   | Identified the ring of Zocoe {+Inv +Fly rPois MR+ Str-3} (You found it on level 18 of a ziggurat)
143389 | Zig:18   | Identified the +2 scale mail "Boimnois" {Dex+6} (You found it on level 18 of a ziggurat)
143396 | Zig:19   | Entered Level 19 of a ziggurat
143526 | Zig:19   | Got a transparent long sword
143530 | Zig:19   | Identified Lehudib's Guide on Noxious Attacks
143552 | Zig:19   | Got a serpentine golden ring
143594 | Zig:19   | Identified the +5 long sword of Hochats {drain, rPois rF- rC+} (You found it on level 19 of a ziggurat)
143597 | Zig:19   | Identified the ring of the Falcon {rF+ MR+} (You found it on level 19 of a ziggurat)
143603 | Zig:20   | Entered Level 20 of a ziggurat
143905 | Zig:20   | Got a faintly glowing ivory ring
143912 | Zig:20   | Identified the ring of the Solstice {-Tele rF+ Str+2 Int+6 Slay+3} (You found it on level 20 of a ziggurat)
143918 | Zig:21   | Entered Level 21 of a ziggurat
144100 | Zig:21   | Got a translucent hunting sling
144105 | Zig:21   | Got a twitching tin ring
144111 | Zig:21   | Identified the +9 hunting sling "Jitsob Ceugh" {flame, rC++ Str+4} (You found it on level 21 of a ziggurat)
144112 | Zig:21   | Identified the ring of Kiusap {+Inv +Fly rC- rN+ Dex-4 Stlth+} (You found it on level 21 of a ziggurat)
144143 | Zig:21   | Got a crude mace
144154 | Zig:21   | Identified the +1 mace "Xoso" {elec, rF- rC+ rN+ Int+4 SInv} (You found it on level 21 of a ziggurat)
144159 | Zig:22   | Entered Level 22 of a ziggurat
144287 | Zig:22   | Identified Vehumet's Tome of Battle Magic
144326 | Zig:22   | Got a scorched glaive
144345 | Zig:22   | Identified the +7 glaive "Orb Guardian's Curse" {freeze, rElec rC- rN+ Str+3} (You found it on level 22 of a ziggurat)
144355 | Zig:23   | Entered Level 23 of a ziggurat
144580 | Zig:23   | Got a crystal spear
144581 | Zig:23   | Identified the +10 spear "Ecoats" {drain, rPois Dex+5} (You found it on level 23 of a ziggurat)
144584 | Zig:23   | Got a translucent iron amulet
144588 | Zig:23   | Identified the amulet "Truworph" {Stasis rElec rC+ Str+2 Dex+4} (You found it on level 23 of a ziggurat)
144592 | Zig:23   | Got a steaming broad axe
144593 | Zig:23   | Identified the +4 broad axe "Worm's Wrath" {antimagic, +Rage rC+ rN+ MR+ Dex-3} (You found it on level 23 of a ziggurat)
144611 | Zig:23   | Got a jewelled trident
144619 | Zig:23   | Got a wavering tin ring
144621 | Zig:23   | Identified the ring "Cuggoih" {Ice Stlth+} (You found it on level 23 of a ziggurat)
144623 | Zig:23   | Identified the +5 trident "Impslayer" {pierce, +Blink rF+ rC+ Str+3} (You found it on level 23 of a ziggurat)
144633 | Zig:23   | Got a brightly glowing bronze ring
144680 | Zig:23   | Identified the ring "Getunizu" {EV+2 Int+3 Stlth+} (You found it on level 23 of a ziggurat)
144711 | Zig:24   | Entered Level 24 of a ziggurat
144743 | Zig:24   | Noticed an ancient lich
144751 | Zig:24   | Noticed an ancient lich
144764 | Zig:24   | Noticed an ancient lich
144771 | Zig:24   | Noticed an ancient lich
144785 | Zig:24   | Reached skill level 27 in Spellcasting
144800 | Zig:24   | Reached skill level 1 in Evocations
144807 | Zig:24   | Killed from afar by an ancient lich

Action                   |  1- 3 |  4- 6 |  7- 9 | 10-12 | 13-15 | 16-18 | 19-21 | 22-24 | 25-27 || total
-------------------------+-------+-------+-------+-------+-------+-------+-------+-------+-------++-------
Melee: Flail             |   138 |    51 |       |       |       |       |       |       |       ||   189
       Mace              |       |   154 |   365 |       |       |       |       |   529 | 19418 || 20466
       Hammer            |       |       |   100 |   714 |  1644 |  2411 |  2181 |  1039 |  3461 || 11550
 Fire: Blowgun           |       |     9 |    28 |     2 |       |       |       |       |       ||    39
Throw: Throwing net      |       |       |       |       |     2 |       |       |       |       ||     2
 Cast: Magic Dart        |       |       |       |       |     1 |       |       |       |       ||     1
       Mephitic Cloud    |       |       |       |       |       |       |    45 |    17 |    15 ||    77
       Blink             |       |       |       |       |       |       |     2 |     6 |    55 ||    63
       Static Discharge  |       |       |       |       |       |       |     4 |       |    15 ||    19
       Shroud of Golubri |       |       |       |       |       |       |     1 |       |    38 ||    39
       Lightning Bolt    |       |       |       |       |       |       |       |    15 |   107 ||   122
       Apportation       |       |       |       |       |       |       |       |     2 |    20 ||    22
       Regeneration      |       |       |       |       |       |       |       |       |   501 ||   501
       Irradiate         |       |       |       |       |       |       |       |       |   278 ||   278
       Airstrike         |       |       |       |       |       |       |       |       |   243 ||   243
       Conjure Ball Ligh |       |       |       |       |       |       |       |       |    59 ||    59
       Song of Slaying   |       |       |       |       |       |       |       |       |    52 ||    52
       Haste             |       |       |       |       |       |       |       |       |    39 ||    39
       Flight            |       |       |       |       |       |       |       |       |    29 ||    29
       Tornado           |       |       |       |       |       |       |       |       |    17 ||    17
       Passwall          |       |       |       |       |       |       |       |       |     7 ||     7
       Chain Lightning   |       |       |       |       |       |       |       |       |     2 ||     2
       Control Teleport  |       |       |       |       |       |       |       |       |     1 ||     1
Invok: Upheaval          |       |       |       |       |       |    12 |     9 |    22 |   137 ||   180
       Disaster Area     |       |       |       |       |       |     1 |       |     4 |     7 ||    12
       Elemental Force   |       |       |       |       |       |       |       |       |     3 ||     3
 Abil: Stop Flying       |       |       |       |       |       |       |     1 |       |     1 ||     2
       Evoke Flight      |       |       |       |       |       |       |       |       |     2 ||     2
Evoke: Wand              |       |       |     2 |     4 |    26 |    12 |       |     2 |    41 ||    87
       Staff of Olgreb   |       |       |       |       |       |       |       |       |     1 ||     1
       Horn of Geryon    |       |       |       |       |       |       |       |       |     1 ||     1
  Use: Potion            |     1 |     3 |     5 |       |     6 |     7 |     7 |    11 |    95 ||   135
       Scroll            |       |     7 |     6 |    11 |     8 |    15 |     7 |    39 |   141 ||   234
 Stab: Invisible         |       |     1 |       |       |       |     6 |       |       |       ||     7
       Held in net/web   |       |       |       |       |     2 |       |       |       |       ||     2
       Paralysed         |       |       |       |       |       |    15 |       |       |       ||    15
       Confused          |       |       |       |       |       |       |    17 |     3 |     4 ||    24
       Distracted        |       |       |       |       |       |       |       |       |     9 ||     9
       Petrifying        |       |       |       |       |       |       |       |       |     2 ||     2
       Fleeing           |       |       |       |       |       |       |       |       |     1 ||     1
  Eat: Chunk             |    14 |    17 |    39 |    62 |    98 |   177 |   157 |   123 |   927 ||  1614
       Meat ration       |       |       |       |       |       |     2 |     1 |       |    22 ||    25
       Beef jerky        |       |       |       |       |       |     1 |       |       |     8 ||     9
       Pizza             |       |       |       |       |       |       |       |     3 |     3 ||     6
       Royal jelly       |       |       |       |       |       |       |       |       |    12 ||    12
